 Dungeon Crawl Stone Soup version 0.20-a0-633-gff4aa5c (webtiles) character file.

33101 HEYYEYAAE the Bludgeoner (level 13, -12/110 HPs)
             Began as a Troll Berserker on Feb 11, 2017.
             Was an Elder of Trog.
             Killed from afar by an oklob plant (15 damage)
             ... with a splash of acid
             ... on level 5 of the Lair of Beasts.
             The game lasted 00:27:21 (14809 turns).

HEYYEYAAE the Bludgeoner (Troll Berserker)         Turns: 14809, Time: 00:27:21

Health: -12/110    AC: -4    Str: 41    XL:     13   Next: 35%
Magic:  4/4        EV: 10    Int:  3    God:    Trog [****..]
Gold:   1093       SH:  0    Dex:  9    Spells: 12/12 levels left

rFire    + + .     SeeInvis .   C - +12 giant spiked club (antimagic)
rCold    . . .     Gourm    +   k - +2 robe {rF+}
rNeg     . . .     Faith    .   (shield currently unavailable)
rPois    .         Spirit   .   (helmet restricted)
rElec    +         Reflect  .   W - +0 cloak
rCorr    .         Harm     .   (gloves unavailable)
MR       .....     Rnd*Rage +   (boots unavailable)
Stlth    +.........             (no amulet)
Regen    0.7/turn               g - +4 ring of strength
                                u - +5 ring of strength

@: exhausted, corroded, slowed, very slow
A: unfitting armour, claws 3, berserk 1, fire resistance 1, fast metabolism 3,
gourmand, regeneration 1, shaggy fur 1, electricity resistance, tough skin 2
a: Berserk, Trog's Hand, Brothers in Arms, Burn Spellbooks, Renounce Religion


You were on level 5 of the Lair of Beasts.
You worshipped Trog.
Trog was greatly pleased with you.
You were not hungry.

You visited 2 branches of the dungeon, and saw 18 of its levels.
You also visited: Sewer.

You collected 1093 gold pieces.

Inventory:

Hand Weapons
 b - a +0 giant spiked club of venom
 n - a +2 hand axe of electrocution
 t - a +4 flail
 x - a +0 whip of draining
 C - a +12 antimagic giant spiked club (weapon)
 U - a +1 war axe of chopping
Armour
 k - a +2 robe of fire resistance (worn)
 Q - a +2 robe of fire resistance
 W - a +0 cloak (worn)
Jewellery
 a - an uncursed ring of resist corrosion
 g - a +4 ring of strength (right claw)
 u - a +5 ring of strength (left claw)
 y - an uncursed ring of ice
 Z - an uncursed ring of positive energy {unknown}
Wands
 j - a wand of random effects (33/48)
 r - a wand of enslavement (5/24)
 E - a wand of iceblast (0/15)
 G - a wand of polymorph (0/24)
 J - a wand of confusion (32/48)
 L - a wand of polymorph (0/24)
 N - a wand of paralysis (0/24)
 V - a wand of flame (33/48)
 X - a wand of lightning (4/15)
Scrolls
 e - 2 scrolls of enchant armour
 f - 5 scrolls of remove curse
 i - 3 scrolls of immolation
 p - 3 scrolls of recharging
 w - 6 scrolls of enchant weapon
 A - 2 scrolls of silence
 D - 2 scrolls of vulnerability
 M - a scroll of teleportation
 S - a scroll of identify
Potions
 d - a potion of curing
 l - 6 potions of brilliance
 z - 4 potions of degeneration
 B - 3 potions of berserk rage
 F - a potion of lignification
 H - 2 potions of cancellation
 K - 3 potions of flight
 O - a potion of haste
 P - a potion of might {unknown}
 R - a potion of agility
Books
 s - a book of Maledictions

   Spells                             Type                      Level
   a - Corona                         Hexes                        1
   b - Ensorcelled Hibernation        Hexes/Ice                    2
   c - Confuse                        Hexes                        3
   d - Tukima's Dance                 Hexes                        3
   e - Dazzling Spray                 Conjuration/Hexes            3
   Trog disapproves of the use of such an item.
 v - a book of Callings

   Spells                             Type                      Level
   a - Summon Small Mammal            Summoning                    1
   b - Call Imp                       Summoning                    2
   c - Call Canine Familiar           Summoning                    3
   d - Summon Guardian Golem          Hexes/Summoning              3
   e - Summon Lightning Spire         Summoning/Air                4
   f - Summon Ice Beast               Ice/Summoning                4
   Trog disapproves of the use of such an item.
 I - a book of Clouds

   Spells                             Type                      Level
   a - Poisonous Vapours              Poison/Air                   2
   b - Mephitic Cloud                 Conjuration/Poison/Air       3
   c - Conjure Flame                  Conjuration/Fire             3
   d - Freezing Cloud                 Conjuration/Ice/Air          6
   e - Ring of Flames                 Charms/Fire                  7
   Trog disapproves of the use of such an item.
 T - a book of Transfigurations

   Spells                             Type                      Level
   a - Irradiate                      Conjuration/Transmutation    5
   b - Statue Form                    Transmutation/Earth          6
   c - Hydra Form                     Transmutation                6
   d - Dragon Form                    Transmutation                7
   Trog disapproves of the use of such an item.
Comestibles
 c - 14 bread rations
 h - 22 royal jellies
 o - 7 meat rations
 q - 16 fruits


   Skills:
 - Level 2.4 Fighting
 + Level 19.5 Maces & Flails
 - Level 2.4 Dodging


You had 12 spell levels left.
You didn't know any spells.

Dungeon Overview and Level Annotations

Branches:
Dungeon (13/15)            Temple (0/1) D:7            Lair (5/6) D:9
 Shoals (0/4) Lair:2        Snake (0/4) Lair:3          Orc (0/2) D:10
  Slime: Lair:5-6    Vaults: D:13-14

Altars:
Ashenzari
Cheibriados
Dithmenos
Fedhas
Gozag
Hepliaklqana
Kikubaaqudgha
Makhleb
Nemelex Xobeh
Okawaru
Qazlal
Sif Muna
Trog
Vehumet
Xom
Yredelemnul
Zin
The Shining One

Shops:
D:4 (   D:8 :

Portals:
Trove: D:11 (give 7 potions of agility)

Annotations:
D:9 exclusion: statue
D:13 Hexogen's ghost, journeyman MiBe
Lair:5 exclusion: 2 oklob plants


Innate Abilities, Weirdness & Mutations

You are too large for most types of armour.
You have claws for hands.
Your metabolism is lightning-fast.
You like to eat raw meat.
Your natural rate of healing is unusually fast.
You are covered in fur. (AC +1)
You have very tough skin. (AC +2)
You tend to lose your temper in combat.
Your flesh is heat resistant. (rF+)
You are resistant to electric shocks. (rElec)


Message History

You enter the shallow water.
Moving in this stuff is going to be slow.
You feel a strong urge to attack something.
You are no longer berserk.
You are exhausted.
You feel yourself slow down.
The oklob plant is no longer charmed.
You see here 28 gold pieces.
The oklob plant spits acid at you. The splash of acid hits you!
You are splashed with acid!
The acid burns!
* * * LOW HITPOINT WARNING * * *
You see here 6 gold pieces.
The oklob plant spits acid at you. The splash of acid hits you!
* * * LOW HITPOINT WARNING * * *
The acid corrodes you!
You are splashed with acid!
The acid burns!
* * * LOW HITPOINT WARNING * * *
The oklob plant spits acid at you. The splash of acid hits you!
You die...

.##..........................#...
.....................##.......#.#
.P.#.................##.........#
..#..................###+..+###..
.#.......................P#..P.>#
###P............................#
#.#P............................#
....(....#############...........
.........# #$$@# #........>..
.........#####...#####...........
.........#P≈≈.....≈≈P#...........
.........#.≈..$....≈P#...........
....P....#P≈.......≈P#..........#
..##.....#P≈.......≈P#..........#
.........#P≈.......≈P#....<......
...##....#P≈≈.....≈≈P#..........P
..#.#....######'######....†.....P


You could see an oklob plant and a friendly oklob plant.

Vanquished Creatures
  A hydra (Lair:2)
  A centaur warrior (D:13)
  A two-headed ogre (D:10)
  7 death yaks
  An oklob plant (Lair:5)
  2 ugly things (D:11)
  A deep elf mage (D:13)
  2 centaur zombies
  A black mamba (Lair:3)
  5 elephants (Lair:4)
  A rime drake (Lair:5)
  7 spiny frogs
  3 komodo dragons
  A hornet (Lair:3)
  Prince Ribbit (D:7)
  2 polar bears
  A snapping turtle (Lair:2)
  4 blink frogs (Lair:4)
  5 hippogriffs
  The ghost of stickyfingers the Slasher, an amateur DECK of Zin (D:4)
  The ghost of stickyfingers the Slasher, an amateur DECK of Xom (D:5)
  A wraith (D:12)
  17 yaks
  The ghost of Gorice the Slasher, an amateur BaFi (D:3)
  4 basilisks
  3 wargs (D:10)
  6 water moccasins
  A swamp worm (D:11)
  7 orc warriors
  An ice beast (D:10)
  6 porcupines
  2 sky beasts
  2 black bears
  2 hornet zombies (D:8)
  3 necrophages
  6 wolves
  4 ogres
  10 centaurs
  7 crocodiles
  2 big kobolds
  17 bullfrogs
  7 scorpions
  25 killer bees
  3 electric eels
  6 howler monkeys
  11 wights
  5 hounds
  2 quasits (D:9)
  2 crimson imps
  2 orc priests
  2 bullfrog zombies
  4 jellies
  3 bullfrog skeletons
  A centaur skeleton (D:4)
  Jessica (D:2)
  2 iguanas
  10 orc wizards
  8 worker ants
  A killer bee zombie (D:8)
  A hound zombie (D:10)
  A hound skeleton (D:5)
  7 gnolls
  16 adders
  A river rat (D:6)
  2 shadow imps
  8 oozes (Sewer)
  2 adder zombies (D:7)
  An adder skeleton (D:6)
  5 worms
  7 dart slugs
  15 leopard geckos
  45 orcs
  5 bats
  20 giant cockroaches
  2 gnoll zombies (D:5)
  9 goblins
  2 hobgoblins
  8 jackals
  3 quokkas
  13 ball pythons
  19 frilled lizards
  A jackal skeleton (D:6)
  16 kobolds
  7 rats
  2 fungi
  2 plants (D:7)
466 creatures vanquished.

Vanquished Creatures (collateral kills)
  The ghost of nikopol the Cleaver, a journeyman MiBe of Trog (D:9)
  Josephine (D:12)
  The ghost of stickyfingers the Carver, a journeyman DECK of Nemelex Xobeh (D:8)
  A troll (D:12)
  A queen bee (D:10)
  5 blink frogs (Lair:4)
  3 slime creatures (D:12)
  3 wraiths (D:12)
  2 hungry ghosts (D:12)
  A wolf (Lair:5)
  A killer bee (D:10)
  An orc wizard (D:12)
  2 orcs (D:12)
  A fungus (Lair:5)
24 creatures vanquished.

Vanquished Creatures (others)
  3 fungi (Lair:5)
  9 plants
12 creatures vanquished.

Grand Total: 502 creatures vanquished

Notes
Turn   | Place    | Note
-------+----------+-------------------------------------------
     0 | D:1      | HEYYEYAAE the Troll Berserker began the quest for the Orb.
     0 | D:1      | Reached XP level 1. HP: 22/22 MP: 0/0
    76 | D:1      | Reached skill level 3 in Maces & Flails
    89 | D:1      | Reached XP level 2. HP: 29/29 MP: 1/1
   450 | D:2      | Reached XP level 3. HP: 33/36 MP: 2/2
   515 | D:2      | Noticed Jessica
   522 | D:2      | Reached skill level 4 in Maces & Flails
   523 | D:2      | Killed Jessica
   526 | D:2      | Reached XP level 4. HP: 44/44 MP: 3/3
   580 | D:2      | Found a shadowy altar of Dithmenos.
   627 | D:2      | Found a sparkling altar of Nemelex Xobeh.
   679 | D:2      | Reached ** piety under Trog
  1120 | D:3      | Reached skill level 5 in Maces & Flails
  1152 | D:3      | Gained mutation: You tend to lose your temper in combat. [potion of mutation]
  1152 | D:3      | Gained mutation: Your flesh is heat resistant. (rF+) [potion of mutation]
  1152 | D:3      | Gained mutation: You are resistant to electric shocks. (rElec) [potion of mutation]
  1159 | D:3      | Reached XP level 5. HP: 50/50 MP: 4/4
  1228 | D:3      | Noticed Gorice's ghost (amateur BaFi)
  1266 | D:3      | Killed Gorice's ghost
  1266 | D:3      | Reached skill level 6 in Maces & Flails
  1266 | D:3      | Reached XP level 6. HP: 59/59 MP: 5/5
  1795 | D:4      | Found a snail-covered altar of Cheibriados.
  1818 | D:4      | Reached skill level 7 in Maces & Flails
  1971 | D:4      | Found a blossoming altar of Fedhas.
  1986 | D:4      | Found Mausehol's Weapon Boutique.
  2125 | D:4      | Noticed an orc warrior
  2131 | D:4      | Reached XP level 7. HP: 64/66 MP: 6/6
  2143 | D:4      | Reached *** piety under Trog
  2338 | D:4      | Noticed stickyfingers's ghost (amateur DECK)
  2351 | D:4      | Killed stickyfingers's ghost
  2351 | D:4      | Reached skill level 8 in Maces & Flails
  2406 | D:5      | Entered Level 5 of the Dungeon
  2409 | D:5      | Noticed stickyfingers's ghost (amateur DECK)
  2446 | D:5      | Found an opulent altar of Gozag.
  2478 | D:5      | Found a shattered altar of Ashenzari.
  2572 | D:5      | Killed stickyfingers's ghost
  2572 | D:5      | Reached skill level 9 in Maces & Flails
  2572 | D:5      | Reached XP level 8. HP: 63/74 MP: 7/7
  2700 | D:5      | Found a basalt altar of Yredelemnul.
  2813 | D:5      | Found a bloodstained altar of Trog.
  3010 | D:6      | Found a glowing drain.
  3016 | Sewer    | Entered a sewer
  3102 | Sewer    | Reached **** piety under Trog
  3277 | Sewer    | Reached skill level 10 in Maces & Flails
  3355 | D:6      | Found a shimmering altar of Xom.
  3356 | D:6      | Found a shimmering altar of Xom.
  3359 | D:6      | Found a shimmering altar of Xom.
  3463 | D:6      | Reached ***** piety under Trog
  3794 | D:6      | Found a glowing silver altar of Zin.
  3794 | D:6      | Found an iron altar of Okawaru.
  4153 | D:7      | Found a glowing golden altar of the Shining One.
  4160 | D:7      | Found a burning altar of Makhleb.
  4160 | D:7      | Found a deep blue altar of Sif Muna.
  4161 | D:7      | Found an ancient bone altar of Kikubaaqudgha.
  4161 | D:7      | Found a snail-covered altar of Cheibriados.
  4162 | D:7      | Found an opulent altar of Gozag.
  4162 | D:7      | Found a deep blue altar of Sif Muna.
  4165 | D:7      | Found a basalt altar of Yredelemnul.
  4165 | D:7      | Found a stormy altar of Qazlal.
  4166 | D:7      | Found a radiant altar of Vehumet.
  4166 | D:7      | Found a stormy altar of Qazlal.
  4167 | D:7      | Found an ancient bone altar of Kikubaaqudgha.
  4167 | D:7      | Found a hazy altar of Hepliaklqana.
  4170 | D:7      | Found a staircase to the Ecumenical Temple.
  4349 | D:7      | Reached skill level 11 in Maces & Flails
  4371 | D:7      | Reached XP level 9. HP: 68/80 MP: 8/8
  4582 | D:7      | Noticed Prince Ribbit
  4591 | D:7      | Killed Prince Ribbit
  5414 | D:8      | Reached skill level 12 in Maces & Flails
  5427 | D:8      | Noticed stickyfingers's ghost (journeyman DECK)
  5560 | D:8      | Found Fedar's Book Shoppe.
  5658 | D:8      | Killed stickyfingers's ghost
  5782 | D:8      | Reached skill level 13 in Maces & Flails
  6014 | D:8      | Reached XP level 10. HP: 84/88 MP: 9/9
  6353 | D:9      | Found a radiant altar of Vehumet.
  6630 | D:9      | Noticed nikopol's ghost (journeyman MiBe)
  6686 | D:9      | Killed nikopol's ghost
  6686 | D:9      | Reached skill level 14 in Maces & Flails
  6974 | D:9      | Found a staircase to the Lair.
  7215 | D:9      | Noticed a two-headed ogre
  7235 | D:9      | a two-headed ogre changed into a jumping spider
  7335 | D:10     | Entered Level 10 of the Dungeon
  7454 | D:10     | Found a staircase to the Orcish Mines.
  7538 | D:10     | Noticed a two-headed ogre
  7547 | D:10     | Killed a two-headed ogre
  7665 | D:10     | Reached skill level 15 in Maces & Flails
  7756 | D:10     | Reached XP level 11. HP: 92/92 MP: 10/10
  8374 | D:11     | Noticed a white ugly thing
  8388 | D:11     | Killed a purple ugly thing
  8700 | D:11     | Noticed a red ugly thing
  8713 | D:11     | Killed a red ugly thing
  8713 | D:11     | Reached skill level 16 in Maces & Flails
  8960 | D:11     | Found a portal to a secret trove of treasure.
  9328 | D:11     | Noticed Nergalle
  9331 | D:11     | Noticed Nergalle
  9331 | D:11     | Nergalle changed into Nergalle the swamp worm
  9341 | D:11     | Killed Nergalle the swamp worm
  9637 | D:12     | Noticed Josephine
  9642 | D:12     | Killed Josephine
  9645 | D:12     | Received a gift from Trog
  9780 | D:12     | Found a snail-covered altar of Cheibriados.
 10176 | D:13     | Noticed Hexogen's ghost (journeyman MiBe)
 10183 | D:13     | HP: 1/94 [something (9)]
 10224 | D:13     | HP: 1/94 [Hexogen's ghost (14)]
 10392 | D:13     | Noticed a centaur warrior
 10418 | D:13     | Noticed a deep elf mage
 10462 | D:13     | Killed a centaur warrior
 10481 | D:13     | Killed a deep elf mage
 10666 | Lair:1   | Entered Level 1 of the Lair of Beasts
 10674 | Lair:1   | Reached skill level 17 in Maces & Flails
 10674 | Lair:1   | Reached XP level 12. HP: 93/104 MP: 11/11
 11738 | Lair:2   | Found a staircase to the Shoals.
 11802 | Lair:2   | Noticed a seven-headed hydra
 11812 | Lair:2   | Killed a seven-headed hydra
 12228 | Lair:3   | Found a staircase to the Snake Pit.
 12234 | Lair:3   | Paralysed by a hornet for 1 turns
 12938 | Lair:4   | Noticed a death yak
 12940 | Lair:4   | Reached skill level 18 in Maces & Flails
 12941 | Lair:4   | Noticed a death yak
 12942 | Lair:4   | Noticed a death yak
 13576 | Lair:4   | Noticed a death yak
 13611 | Lair:4   | Noticed a death yak
 13612 | Lair:4   | Killed a death yak
 13615 | Lair:4   | Killed a death yak
 13621 | Lair:4   | HP: 3/104 [death yak (27)]
 13784 | Lair:4   | Reached XP level 13. HP: 88/110 MP: 4/12
 14251 | Lair:5   | Reached skill level 19 in Maces & Flails
 14809 | Lair:5   | HP: 3/110 [acid (15)]
 14809 | Lair:5   | Killed from afar by an oklob plant

Vault maps used:
D:1:      dpeg_arrival_rooms_b
D:2:      grunt_dithmenos_smoke, first_bread, nemelex_lonely_heart_becter,
          uniq_jessica
D:4:      fedhas_altar_2, kennysheep_slug_shrine, serial_shops, shop_statue
D:5:      lemuel_coloured_pillars_altar, lemuel_zombie_altar_yredelemnul,
          cheibrodos_ashenzari_chains,
          nicolae_gozag_cash_rules_everything_around_me
D:6:      xom_redecorated, gammafunk_temple_overflow_wave,
          gup_sewer_entry_bubbles, minmay_misc_feat_cross
D:7:      wad_woods_pond, lemuel_crystal_altar, temple_doors_ab,
          uniq_prince_ribbit1
D:8:      serial_shops, kennysheep_mini_moat
D:9:      lemuel_upstairs_altar, vehumet_statue, grunt_lair_entry_orc_guard_hut
D:10:     minmay_orc_entry_guard_dogs
D:11:     nicolae_trove_entry_crossroad, uniq_nergalle
D:12:     basic_altar, uniq_josephine
Lair:2:   minmay_shoals_entry_hut
Lair:3:   dummy_snake_entry, minivault_25, grunt_megastairs_5
Lair:4:   lemuel_fruit_tree, grunt_megastairs_2
Lair:5:   dpeg_oklob_gauntlet
Sewer:    sewer_frog_island_02

Skill      XL: |  1  2  3  4  5  6  7  8  9 10 11 12 13 |
---------------+----------------------------------------+-----
Maces & Flails | 3 4 5 6 7 9 11 13 15 17 18 19 | 19.5
Fighting       | |  2.4
Dodging        | |  2.4

Action                   |  1- 3 |  4- 6 |  7- 9 | 10-12 | 13-15 || total
-------------------------+-------+-------+-------+-------+-------++-------
Melee: Mace              |    54 |    51 |       |       |       ||   105
       Hand axe          |       |   104 |   460 |   493 |       ||  1057
       Whip              |       |       |       |   230 |       ||   230
       Giant spiked club |       |       |       |   138 |    72 ||   210
Invok: Berserk           |     1 |     3 |     5 |    21 |     1 ||    31
       Trog's Hand       |       |     4 |     2 |    11 |     3 ||    20
       Brothers in Arms  |       |       |     1 |     8 |       ||     9
Evoke: Wand              |       |       |       |    28 |     7 ||    35
  Use: Potion            |       |     4 |     6 |    14 |     1 ||    25
       Scroll            |       |     3 |    10 |    21 |     4 ||    38
 Stab: Paralysed         |       |       |       |     6 |       ||     6
  Eat: Chunk             |    10 |    21 |    43 |    97 |     8 ||   179
Armor: Animal skin       |    33 |       |       |       |       ||    33
       Skin              |       |    55 |       |    32 |     4 ||    91
       Robe              |       |    61 |   160 |   200 |    12 ||   433
Dodge: Dodged            |    49 |   110 |   216 |   380 |    24 ||   779
